 Dungeon Crawl Stone Soup version 0.27.1-2-g3b301248ec (webtiles) character file.

Game seed: 17645343458107193569

6043 DearestLeader the Destroyer (level 10, -14/66 HPs)
             Began as an Octopode Conjurer on Oct 4, 2021.
             Was a Believer of Ru.
             Killed from afar by a gargoyle (17 damage)
             ... with a stone arrow
             ... on level 10 of the Dungeon.
             The game lasted 00:21:29 (9940 turns).

DearestLeader the Destroyer (Octopode Conjurer)     Turns: 9940, Time: 00:21:29

Health: -14/66     AC:  5    Str: 10    XL:     10   Next: 87%
Magic:  20/25      EV: 12    Int: 26    God:    Ru [**....]
Gold:   425        SH:  0    Dex: 19    Spells: 7/17 levels left

rFire    . . .     SeeInvis .   A - +10 hunting sling "Zomywix" {freeze, rCorr Str+4 Dex+4}
rCold    + . .     Faith    .   (no shield)
rNeg     . . .     Spirit   .   (helmet restricted)
rPois    +         Reflect  .   w - amulet of regeneration
rElec    .         Harm     .   i - ring of resist corrosion
rCorr    +         Rampage  .   o - ring of magical power
Will     .....                  s - ring of poison resistance
Stlth    ++++++....             t - +6 ring of intelligence
HPRegen  1.21/turn              c - ring of protection from cold
MPRegen  0.19/turn              J - +4 ring of protection
                                (no ring)
                                (no ring)

@: about to teleport
A: almost no armour, amphibious, 8 rings, camouflage 1, gelatinous body 1,
inability to train dodging, (nimble swimmer 1), tentacles
a: Renounce Religion


You were on level 10 of the Dungeon.
You worshipped Ru.
Ru was pleased with you.
You visited 2 branches of the dungeon, and saw 11 of its levels.
You also visited: Ossuary.

You collected 448 gold pieces.
You spent 23 gold pieces at shops.

Inventory:

Hand Weapons
 a - a +0 hunting sling
 z - a +2 dagger of venom
 A - the +10 hunting sling "Zomywix" (weapon) {freeze, rCorr Str+4 Dex+4}
   (You found it on level 7 of the Dungeon)

   Any ammunition fired from it freezes those it strikes, dealing additional
   cold damage.
   It can also slow down cold-blooded creatures.
   Str:       It affects your strength (+4).
   Dex:       It affects your dexterity (+4).
   rCorr:     It protects you from acid and corrosion.
Missiles
 h - a curare-tipped dart (quivered)
 D - 60 sling bullets (quivered ammo)
Magical Staves
 g - a staff of poison
 x - a staff of conjuration
Jewellery
 c - a ring of protection from cold (on tentacle)
 i - a ring of resist corrosion (left tentacle)
 o - a ring of magical power (right tentacle)
 s - a ring of poison resistance (on tentacle)
 t - a +6 ring of intelligence (on tentacle)
 w - an amulet of regeneration (around mantle)
 J - a +4 ring of protection (on tentacle)
Wands
 r - a wand of polymorph (9)
 B - a wand of charming (19)
Scrolls
 e - 2 scrolls of vulnerability {unknown}
 j - 3 scrolls of immolation
 l - 2 scrolls of holy word
 n - 5 scrolls of enchant weapon
 p - a scroll of summoning {unknown}
 y - a scroll of brand weapon {unknown}
 C - 5 scrolls of identify
 F - a scroll of enchant armour {unknown}
 G - a scroll of noise {unknown}
 H - a scroll of blinking
 K - a scroll of amnesia {unknown}
 L - 2 scrolls of magic mapping
Potions
 b - 2 potions of mutation {unknown}
 d - a potion of flight {unknown}
 f - 4 potions of curing
 m - a potion of brilliance {unknown}
 q - 3 potions of haste
 u - a potion of heal wounds
 v - 2 potions of lignification {unknown}
 E - a potion of attraction {unknown}
 I - a potion of ambrosia {unknown}


   Skills:
 - Level 5.0 Fighting
 * Level 4.8 Slings
 - Level 10.0 Stealth
 - Level 4.0 Spellcasting
 + Level 10.8 Conjurations
 - Level 4.0 Hexes
 + Level 5.4 Poison Magic


You had 7 spell levels left.
You knew the following spells:

 Your Spells              Type           Power      Damage    Failure   Level
a - Magic Dart            Conj           100%       1d8       1%          1
b - Searing Ray           Conj           100%       3d7       1%          2
c - Fulminant Prism       Conj/Hex       21%        3d13      4%          4
d - Spider Form           Tmut/Pois      9%         N/A       9%          3

Your spell library contained the following spells:

 Spells                   Type           Power      Damage    Failure   Level
 Dazzling Flash           Conj/Hex       86%        N/A       1%          3
 Ensorcelled Hibernation  Hex/Ice        30%        N/A       5%          2
 Iskenderun's Mystic Bla  Conj/Tloc      33%        2d8       9%          4
 Shadow Creatures         Summ           N/A        N/A       100%        6


Dungeon Overview and Level Annotations

Branches:
Dungeon (10/15)            Temple (1/1) D:4             Orc (0/2) D:9
Ossuary (visited)
   Lair: D:8-11

Altars:
Ashenzari
Dithmenos
Elyvilon
Fedhas
Gozag
Kikubaaqudgha
Makhleb
Okawaru
Qazlal
Ru
Sif Muna
Uskayaw
Vehumet
Wu Jian
Xom
Yredelemnul
The Shining One

Shops:
D:1 *   D:9 *


Innate Abilities, Weirdness & Mutations

You cannot wear most types of armour.
You are amphibious.
You can wear up to eight rings at the same time.
Your skin changes colour to match your surroundings (Stealth+).
Your rubbery body absorbs attacks. (AC +1, EV +1)
You cannot train Dodging skill.
((You are camouflaged near water. (Stealth+)))
You have tentacles for arms and can constrict up to eight enemies at once.


Message History

There is an open door here.
There is a stone staircase leading down here.
You climb downwards.
Found 14 arrows.
There is a stone staircase leading up here.
Casting: Searing Ray (safe; 1% risk of failure)
Confirm with . or Enter, or press ? or * to list all spells.
Aiming: Searing Ray (safe; 1% risk of failure)
Press: ? - help, Shift-Dir - straight line, f - gargoyle
Aim: a gargoyle, wielding a +0 mace (dormant, 100% to hit)
The searing ray hits the gargoyle.
The gargoyle is lightly damaged. (Press . to maintain the ray.)
The gargoyle hits you with a +0 mace!!
You focus your inner power and blind the gargoyle in retribution!
You shoot a sling bullet.
The sling bullet hits the gargoyle but does no damage.
The gargoyle is lightly damaged.
The gargoyle hits you with a +0 mace!
You are too injured to fight recklessly!
Casting: Searing Ray (safe; 1% risk of failure)
Confirm with . or Enter, or press ? or * to list all spells.
Aiming: Searing Ray (safe; 1% risk of failure)
Press: ? - help, Shift-Dir - straight line, f/p - gargoyle
Aim: a gargoyle, wielding a +0 mace (blind, 92% to hit)
The searing ray hits the gargoyle but does no damage. (Press . to maintain the ray.)
The gargoyle hits you with a +0 mace!
Unknown command.
The searing ray hits the gargoyle but does no damage.
The gargoyle hits you with a +0 mace!
* * * LOW HITPOINT WARNING * * *
You focus your inner power and illuminate the gargoyle in retribution!
The searing ray hits the gargoyle but does no damage.
As you read the scroll of teleportation, it crumbles to dust.
You feel strangely unstable. The gargoyle hits you with a +0 mace!
* * * LOW HITPOINT WARNING * * *
The gargoyle hurls a stone arrow at you.
The stone arrow hits you!
You die...

#######
########.......
#..9(<.@.......
..(..#####.######
... .# # .# .. ..
..# ..#


You could see a gargoyle (blind, corona).

Vanquished Creatures
  A two-headed ogre (D:9)
  Pikel (D:9)
  Maggie (D:7)
  2 steam dragons
  2 wargs (D:9)
  Duvessa (D:7)
  2 acid dragons
  2 water moccasins
  3 orc warriors
  2 sky beasts
  2 ice beasts
  3 black bears
  5 centaurs
  4 lemures (D:9)
  A phantom (D:7)
  4 kobold brigands
  5 bullfrogs
  2 scorpions
  A wyvern skeleton (D:7)
  Dowan (D:7)
  10 killer bees
  4 bullfrog zombies
  3 centaur zombies
  3 jellies
  5 hounds
  3 orc priests
  3 iguanas
  3 orc wizards
  2 killer bee zombies (Ossuary)
  A mummy (D:4)
  A howler monkey zombie (D:9)
  12 adders
  A shadow imp (D:7)
  3 white imps
  A worm (D:2)
  4 dart slugs
  18 orcs
  3 bats
  6 endoplasms
  6 giant cockroaches
  7 goblins
  9 hobgoblins
  5 jackals
  7 quokkas
  4 ball pythons
  2 frilled lizards
  A hobgoblin zombie (D:4)
  26 kobolds
  A kobold zombie (D:4)
  5 rats
204 creatures vanquished.

Vanquished Creatures (others)
  6 fulminant prisms
  2 withered plants (Ossuary)
8 creatures vanquished.

Grand Total: 212 creatures vanquished

Notes
Turn   | Place    | Note
-------+----------+-------------------------------------------
     0 | D:1      | DearestLeader the Octopode Conjurer began the quest for the
                  | Orb.
     0 | D:1      | Reached XP level 1. HP: 11/11 MP: 3/3
   247 | D:1      | Found Rotoij's Assorted Antiques.
   265 | D:1      | Reached XP level 2. HP: 13/17 MP: 3/5
   268 | D:1      | Learned a level 2 spell: Searing Ray
   376 | D:1      | Bought a scroll labelled XIOREBL MOFU for 23 gold pieces
   383 | D:1      | Found a faded altar of an unknown god.
   440 | D:1      | Reached XP level 3. HP: 11/21 MP: 0/6
  1215 | D:2      | Found a shimmering altar of Xom.
  1458 | D:2      | Reached skill level 5 in Conjurations
  1458 | D:2      | Reached XP level 4. HP: 27/27 MP: 3/7
  2333 | D:2      | Learned a level 4 spell: Fulminant Prism
  3044 | D:3      | Reached XP level 5. HP: 31/31 MP: 8/8
  3153 | D:4      | Found a sand-covered staircase.
  3175 | Ossuary  | Entered an ossuary
  3190 | Ossuary  | Reached skill level 5 in Stealth
  3199 | Ossuary  | Reached XP level 6. HP: 20/36 MP: 0/9
  3349 | D:4      | Found a staircase to the Ecumenical Temple.
  3359 | Temple   | Entered the Ecumenical Temple
  3374 | Temple   | Became a worshipper of Ru the Awakened
  3586 | D:4      | Noticed a black bear
  3597 | D:4      | Killed a black bear
  4007 | D:4      | Found an iron altar of Okawaru.
  4814 | D:5      | Entered Level 5 of the Dungeon
  4882 | D:5      | Reached skill level 1 in Hexes
  4882 | D:5      | Reached XP level 7. HP: 21/41 MP: 10/10
  5062 | D:5      | Gained mutation: You cannot train Dodging skill. [Ru
                  | sacrifice]
  5062 | D:5      | Reached * piety under Ru
  5062 | D:5      | Reached ** piety under Ru
  5745 | D:5      | Reached skill level 1 in Fighting
  6019 | D:6      | Noticed a steam dragon
  6108 | D:6      | Killed a steam dragon
  6109 | D:6      | Reached XP level 8. HP: 45/50 MP: 11/11
  6428 | D:6      | Found a hide-covered altar of Uskayaw.
  6761 | D:6      | You fall into a shaft and drop 2 floors!
  6774 | D:8      | Reached XP level 9. HP: 57/57 MP: 13/13
  6851 | D:7      | Noticed Maggie
  6858 | D:7      | HP: 1/57 [Maggie (11)]
  6862 | D:7      | Killed Maggie
  6930 | D:7      | Learned a level 3 spell: Spider Form
  6973 | D:7      | Noticed Duvessa
  6985 | D:7      | Killed Duvessa
  6986 | D:7      | Reached skill level 1 in Poison Magic
  6986 | D:7      | Noticed Dowan
  6999 | D:7      | Killed Dowan
  7342 | D:7      | Found an opulent altar of Gozag.
  7585 | D:7      | Reached skill level 10 in Conjurations
  7601 | D:7      | Identified the +10 hunting sling "Zomywix" {freeze, rCorr
                  | Str+4 Dex+4}
  7691 | D:6      | Found a radiant altar of Vehumet.
  7719 | D:6      | Found a burning altar of Makhleb.
  7730 | D:6      | Found a shadowy altar of Dithmenos.
  7882 | D:7      | Reached XP level 10. HP: 62/65 MP: 16/16
  8190 | D:8      | Reached skill level 1 in Slings
  8451 | D:8      | Reached skill level 5 in Fighting
  8648 | D:9      | Found Vetiggir's Overcharged Wands.
  8737 | D:9      | Found a staircase to the Orcish Mines.
  8813 | D:9      | Noticed a two-headed ogre
  8944 | D:9      | Noticed Pikel
  8964 | D:9      | Killed Pikel
  9130 | D:9      | Found an ornate altar of the Wu Jian Council.
  9222 | D:9      | Killed a two-headed ogre
  9223 | D:9      | Reached skill level 5 in Poison Magic
  9720 | D:9      | Reached skill level 10 in Stealth
  9811 | D:9      | Found a blossoming altar of Fedhas.
  9818 | D:9      | Found a stormy altar of Qazlal.
  9818 | D:9      | Found a shimmering altar of Xom.
  9819 | D:9      | Found a broken altar of Ashenzari.
  9821 | D:9      | Found a white marble altar of Elyvilon.
  9932 | D:10     | Entered Level 10 of the Dungeon
  9932 | D:10     | Noticed a gargoyle
  9938 | D:10     | HP: 1/66 [gargoyle (8)]
  9940 | D:10     | Killed from afar by a gargoyle

Illustrated notes

Levels and vault maps discovered:
D:1:      dpeg_arrival_pits, layout_rooms, serial_shops, nicolae_shop_crystal,
          ebering_ecumenical_altar_mist, corexii_leaking_fountain
D:2:      minmay_spotlight, layout_rooms, basic_altar
D:3:      layout_basic
D:4:      layout_layer_cave, okawaru_ov_weapons_minmay, temple_statues,
          nicolae_ossuary_entry_giza, hangedman_decor_diamond_cutter
D:5:      layout_basic
D:6:      layout_rooms, nicolae_overflow_quartered_altars
D:7:      layout_loops_ring, overflow_temple_1_default,
          hangedman_decor_riveting, kennysheep_generic_room_16, uniq_duvessa,
          uniq_maggie
D:8:      layout_basic, chequers_serial_rivers_room_a
D:9:      layout_basic, overflow_temple_1_default, minitemple,
          david_orc_1_choice, nicolae_shop_overcharged_wands, uniq_pikel
D:10:     layout_loops_ring, mainiacjoe_overflow_tiny_flanked,
          hangedman_decor_push
Temple:   compressed_dpeg_triangle_lava_temple

Skill      XL: |  1  2  3  4  5  6  7  8  9 10 |
---------------+-------------------------------+-----
Stealth        | 3 4 5 6 7 8 10 | 10.0
Conjurations   | 5 6 8 9 10 | 10.8
Hexes          | 1 2 3 4 |  4.0
Dodging        | 0 |  0.0
Fighting       | 2 3 4 5 |  5.0
Spellcasting   | 3 4 |  4.0
Poison Magic   | 3 5 |  5.4
Slings         | 4 |  4.8

Action                   |  1- 3 |  4- 6 |  7- 9 | 10-12 || total
-------------------------+-------+-------+-------+-------++-------
Melee: Dagger            |    51 |    25 |    31 |       ||   107
       Constrict         |    15 |    10 |     7 |       ||    32
       Tentacles         |     7 |    13 |     4 |       ||    24
       Whip              |     7 |    28 |       |       ||    35
       Staff             |       |       |     7 |       ||     7
 Fire: Hunting sling     |       |       |     5 |    76 ||    81
Throw: Dart              |       |       |     1 |       ||     1
 Cast: Magic Dart        |    15 |     2 |     2 |       ||    19
       Searing Ray       |     8 |    21 |    36 |    19 ||    84
       Fulminant Prism   |       |       |     3 |     3 ||     6
Invok: Sacrifice Nimblen |       |       |     1 |       ||     1
       Reject Sacrifices |       |       |     1 |       ||     1
  Use: Scroll            |     2 |     2 |     5 |     3 ||    12
       Potion            |       |       |     3 |       ||     3
 Stab: Sleeping          |     6 |    13 |    10 |       ||    29
       Distracted        |       |       |     1 |       ||     1
       Invisible         |       |       |     2 |       ||     2
Armor: Skin              |    15 |     6 |     4 |     2 ||    27
Dodge: Dodged            |    50 |    40 |    45 |    33 ||   168
